 Dungeon Crawl Stone Soup version 0.25.1-8-g42b30a86e7 (webtiles) character file.

Game seed: 9369231936514529407

630 Destapler the Shooter (level 7, -5/57 HPs)
             Began as a Centaur Arcane Marksman on Dec 11, 2020.
             Slain by an ogre
             ... wielding a +0 giant club
              (13 damage)
             ... on level 4 of the Dungeon.
             The game lasted 00:15:26 (4321 turns).

Destapler the Shooter (Centaur Arcane Marksman)     Turns: 4321, Time: 00:15:27

Health: -5/57      AC:  5    Str: 13    XL:     7   Next: 24%
Magic:  10/10      EV: 13    Int: 12    God:
Gold:   144        SH:  0    Dex: 11    Spells: 9/10 levels left

rFire    . . .     SeeInvis .   b - +3 spear (venom)
rCold    . . .     Gourm    .   (no shield)
rNeg     . . .     Faith    .   g - +0 ring mail
rPois    .         Spirit   .   (no helmet)
rElec    .         Reflect  .   (no cloak)
rCorr    .         Harm     .   (no gloves)
MR       .....                  (no barding)
Stlth    ..........             (no amulet)
HPRegen  0.19/turn              p - +4 ring of evasion
MPRegen  0.12/turn              (no ring)

@: very quick
A: large, hooves 3, deformed body, speed 2, tough skin 3
a: no special abilities


You were on level 4 of the Dungeon.
You were not hungry.

You visited 1 branch of the dungeon, and saw 4 of its levels.

You collected 144 gold pieces.

Inventory:

Hand Weapons
 a - a +0 shortbow
 b - a +3 spear of venom (weapon)
Missiles
 d - 13 arrows
 k - 14 poisoned darts (quivered)
 q - 6 javelins
 r - 2 boomerangs
Armour
 g - a +0 ring mail (worn)
 w - a +0 buckler
Jewellery
 p - a +4 ring of evasion (left hand)
Scrolls
 c - a scroll of remove curse
 h - 3 scrolls of teleportation
 j - 3 scrolls of enchant weapon
 l - 4 scrolls of identify
 m - a scroll of blinking {unknown}
 n - a scroll of immolation {unknown}
 o - a scroll of fear
 u - a scroll of amnesia
Potions
 i - 2 potions of curing
 t - a potion of flight
Comestibles
 f - 4 rations


   Skills:
 + Level 3.1 Fighting
   Level 1.9 Maces & Flails
 + Level 4.9 Bows
 + Level 2.6 Dodging
 + Level 0.0 Stealth
 + Level 1.5 Shields
 + Level 2.4 Spellcasting
 + Level 3.9 Hexes


You had 9 spell levels left.
You knew the following spells:

 Your Spells              Type           Power        Failure   Level  Hunger
a - Corona                Hex            ##.....      12%         1    ##.....

Your spell library contained the following spells:

 Spells                   Type           Power        Failure   Level  Hunger
 Slow                     Hex            ##......     17%         2    ###....
 Confusing Touch          Hex            ##......     34%         3    ####...
 Tukima's Dance           Hex            ##......     34%         3    ####...
 Ensorcelled Hibernation  Hex/Ice        #.....       36%         2    ###....
 Animate Skeleton         Necr           N/A          50%         1    ##.....
 Apportation              Tloc           #.....       50%         1    ##.....
 Magic Dart               Conj           #...         50%         1    ##.....
 Summon Small Mammal      Summ           #...         50%         1    ##.....
 Dazzling Flash           Conj/Hex       #.....       61%         3    ####...
 Inner Flame              Hex/Fire       #.......     61%         3    ####...
 Portal Projectile        Hex/Tloc       #.....       61%         3    ####...
 Blink                    Tloc           N/A          65%         2    ###....
 Call Imp                 Summ           #.......     65%         2    ###....
 Cause Fear               Hex            ##........   75%         4    #####..
 Conjure Flame            Conj/Fire      #.......     86%         3    ####...
 Gell's Gravitas          Tloc           #.........   86%         3    ####...
 Mephitic Cloud           Conj/Pois/Air  #.......     86%         3    ####...
 Leda's Liquefaction      Hex/Erth       #.........   95%         4    #####..
 Petrify                  Tmut/Erth      #.......     99%         4    #####..
 Metabolic Englaciation   Hex/Ice        #.........   100%        5    ######.
 Yara's Violent Unravell  Hex/Tmut       #.........   100%        5    ######.


Dungeon Overview and Level Annotations

Branches:
Dungeon (4/15)
 Temple: D:4-7

Altars:
Trog
Zin


Innate Abilities, Weirdness & Mutations

You have hooves in place of feet.
Armour fits poorly on your strangely shaped body.
You cover ground very quickly.
You have extremely tough skin. (AC +3)


Message History

Firing (i - inventory. (/) - cycle)
d - 14 arrows (quivered)
Press: ? - help, Shift-Dir - straight line, f/p - ogre
Aim: an ogre, wielding a +0 giant club (heavily wounded)
You shoot an arrow.
The arrow hits the ogre but does no damage.
The ogre is heavily wounded.
Your +3 spear of venom begins to drip with poison!
b - a +3 spear of venom (weapon)
Okay, then.
The ogre closely misses you.
Keep equipping yourself?
You start putting on your armour.
You continue putting on your +0 buckler.
The ogre hits you with a +0 giant club!!
You continue putting on your +0 buckler. x2
The ogre hits you with a +0 giant club!!
* * * LOW HITPOINT WARNING * * *
You continue putting on your +0 buckler.
The ogre hits you with a +0 giant club!
You die...

#### ### #.. ..#
#.# ###########.#
###.###........##.#
...(.).......(.O@.#
.....##)#.)..#.##.#
.....##.#.#)####.<#
.....##.#.### ####
........#.######
...#..###.##...# #
...#.......#...#.?#
...##.###..'._.#.?#
..........##...#..#


You could see an ogre.

Vanquished Creatures
  Sigmund (D:3)
  A phantom (D:4)
  An ogre (D:4)
  An orc priest (D:4)
  5 orc wizards (D:4)
  Jessica (D:3)
  An iguana (D:4)
  4 adders
  2 adder skeletons (D:4)
  3 worms
  2 dart slugs
  A leopard gecko (D:3)
  8 orcs
  8 bats
  2 giant cockroaches
  A goblin (D:2)
  6 hobgoblins
  2 jackals (D:4)
  2 kobolds (D:1)
  2 quokkas
  A ball python (D:3)
  3 rats (D:3)
58 creatures vanquished.

Notes
Turn   | Place    | Note
-------+----------+-------------------------------------------
     0 | D:1      | Destapler the Centaur Arcane Marksman began the quest for
                  | the Orb.
     0 | D:1      | Reached XP level 1. HP: 16/16 MP: 2/2
   454 | D:1      | Reached XP level 2. HP: 22/23 MP: 3/3
   938 | D:2      | Reached skill level 3 in Bows
  1218 | D:2      | Reached XP level 3. HP: 28/28 MP: 3/5
  2091 | D:3      | Noticed Jessica
  2099 | D:3      | Killed Jessica
  2099 | D:3      | Reached XP level 4. HP: 14/36 MP: 6/6
  2348 | D:3      | Noticed Sigmund
  2388 | D:3      | Killed Sigmund
  2388 | D:3      | Reached skill level 1 in Maces & Flails
  2388 | D:3      | Reached skill level 4 in Bows
  2388 | D:3      | Reached XP level 5. HP: 9/42 MP: 5/8
  3217 | D:3      | Found a bloodstained altar of Trog.
  3309 | D:4      | Noticed a phantom
  3373 | D:4      | Killed a phantom
  3373 | D:4      | Reached skill level 1 in Shields
  3373 | D:4      | Reached XP level 6. HP: 14/50 MP: 4/9
  3396 | D:4      | HP: 2/50 [orc/+0 club (4)]
  3884 | D:4      | Reached XP level 7. HP: 32/57 MP: 10/10
  4244 | D:4      | Found a glowing silver altar of Zin.
  4321 | D:4      | Slain by an ogre

Illustrated notes

Levels and vault maps discovered:
D:1:      minmay_arrival_loop, layout_basic
D:2:      layout_basic
D:3:      layout_loops_ring, trog_book, uniq_jessica, uniq_sigmund
D:4:      layout_basic, zin_scriptorium, first_ration,
          hangedman_abyss_or_decor_jellyfish_corner,
          minmay_a_box_with_orc_wizards_in_it

Skill      XL: |  1  2  3  4  5  6 |
---------------+-------------------+-----
Bows           | 3 4 |  4.9
Hexes          | 3 |  3.9
Fighting       | 2 3 |  3.1
Maces & Flails | 1 |  1.9
Dodging        | 2 |  2.6
Spellcasting   | 2 |  2.4
Shields        | 1 |  1.5

Action                   |  1- 3 |  4- 6 |  7- 9 || total
-------------------------+-------+-------+-------++-------
Melee: Club              |    54 |    52 |       ||   106
       Kick              |    12 |    20 |     8 ||    40
       Spear             |       |    46 |    11 ||    57
 Fire: Shortbow          |    60 |    31 |     8 ||    99
Throw: Dart              |       |    15 |       ||    15
 Cast: Corona            |       |    13 |       ||    13
  Use: Potion            |       |     5 |       ||     5
       Scroll            |       |     5 |       ||     5
  Eat: Chunk             |     2 |     6 |     1 ||     9
Armor: Ring mail         |    48 |    34 |     5 ||    87
Dodge: Dodged            |    31 |    49 |     3 ||    83
Block: Buckler           |       |     7 |       ||     7
